Harfangs vs Sewer Rats
Created - December 5, 2019 at 19:08
Goals
|
Harfangs |
1 |
3 |
1 |
5 |
Sewer Rats |
0 |
4 |
2 |
6 |
|
Shots
|
Harfangs |
5 |
12 |
13 |
30 |
Sewer Rats |
12 |
19 |
8 |
39 |
|
1st period
1. Harfangs , Tyler Brenner 2 (Michael Bournival 12, Reid McNeill 8) at 14:45
Penalties :
Michael Bournival (BEA) for Interference (Minor) at 7:53, Blake Heinrich (BEA) for Hooking (Minor) at 16:53
2nd period
2. Sewer Rats , Nick Cousins 8 (Martin Frk 8, Stefan Elliott 14) at 3:51
3. Harfangs , Morgan Klimchuk 5 (Oscar Sundqvist 8, Chase De Leo 2) at 5:53
4. Sewer Rats , Jonathan Marchessault 10 (Steven Kampfer 10, Mark Mancari 13) at 8:59
5. Sewer Rats , Tomas Tatar 13 (Mark Mancari 14, Vincent Trocheck 28) at 9:15
6. Harfangs , Reid McNeill 4 (Calle Jarnkrok 21, Tyler Randell 22) at 17:50
7. Harfangs , Tyler Brenner 3 (Michael Bournival 13) at 18:18
8. Sewer Rats , Tomas Tatar 14 (Mark Mancari 15, Vincent Trocheck 29) at 18:40
Penalties :
Dylan Olsen (BEA) for Hooking (Minor) at 1:25
3rd period
9. Sewer Rats , Dmitrij Jaskin 9 (Steven Kampfer 11, Jarred Tinordi 11) at 7:58
10. Harfangs , Calle Jarnkrok 14 (Tyler Randell 23) at 10:49
11. Sewer Rats , Erik Condra 12 (Jarred Tinordi 12, Steven Kampfer 12) at 13:03
Penalties :
Dylan Olsen (BEA) for Slashing (Minor) at 17:02
Goalie Stats
Ilya Sorokin (BEA), 33 saves from 39 shots - (0.846), L, 3-2-0, 59:04 minutes
Darcy Kuemper (Tol), 25 saves from 30 shots - (0.833), W, 3-4-1, 60:00 minutes
Players Stats for Harfangs
Player Name G A P +/- PIM S H SB GA TA FO MP PP MP PK MP
------------------------------------------------------------------------------------
Andreas Martinsen 0 0 0 0 0 4 3 1 1 0 2/3 23:15 0:00 4:15
Blake Heinrich 0 0 0 1 2 0 0 4 0 0 0/0 19:28 0:00 2:29
Brendan Leipsic 0 0 0 0 0 3 0 0 0 0 0/0 8:14 0:00 0:15
Calle Jarnkrok 1 1 2 0 0 3 1 0 1 0 18/34 21:44 0:00 2:16
Chase De Leo 0 1 1 0 0 2 0 0 1 0 2/4 7:59 0:00 0:00
Devon Teows 0 0 0 -1 0 0 3 0 0 0 0/0 14:35 0:00 2:59
Dylan Olsen 0 0 0 -1 4 1 1 0 0 1 0/0 25:59 0:00 2:05
Jake Dotchin 0 0 0 1 0 1 1 0 0 0 0/0 20:44 0:00 3:54
Michael Bournival 0 2 2 0 2 2 1 1 1 0 1/1 15:27 0:00 2:11
Morgan Klimchuk 1 0 1 -1 0 1 0 0 1 1 0/0 12:54 0:00 1:47
Nick Sorensen 0 0 0 0 0 1 0 0 0 0 0/0 7:59 0:00 0:00
Oscar Sundqvist 0 1 1 -1 0 1 4 0 1 0 3/6 12:47 0:00 0:53
Reid McNeill 1 1 2 -1 0 2 0 3 0 3 0/0 28:01 0:00 4:23
Rinat Valiev 0 0 0 -1 0 0 1 0 0 1 0/0 11:29 0:00 0:02
Ryan Hartman 0 0 0 0 0 0 2 2 0 0 0/0 13:11 0:00 0:00
Sven Andrighetto 0 0 0 -1 0 0 2 0 2 0 0/0 11:48 0:00 0:00
Tyler Brenner 2 0 2 0 0 4 1 0 0 0 6/13 13:11 0:00 0:00
Tyler Randell 0 2 2 0 0 5 4 1 1 1 5/8 23:15 0:00 4:15
Players Stats for Sewer Rats
Player Name G A P +/- PIM S H SB GA TA FO MP PP MP PK MP
------------------------------------------------------------------------------------
Anthony Duclair 0 0 0 1 0 1 0 0 0 0 1/1 11:03 0:00 0:00
Connor Carrick 0 0 0 -1 0 0 0 0 0 0 0/0 4:35 0:00 0:00
Daniel Carr 0 0 0 0 0 1 0 0 1 1 0/0 17:22 3:39 0:00
Dmitrij Jaskin 1 0 1 0 0 4 0 0 1 1 0/0 7:35 0:06 0:00
Erik Condra 1 0 1 0 0 4 3 0 2 0 0/1 17:22 3:39 0:00
Jared McCann 0 0 0 0 0 0 0 0 0 0 2/3 7:29 0:00 0:00
Jarred Tinordi 0 2 2 2 0 0 2 0 0 0 0/0 26:13 4:30 0:00
Joel Edmundson 0 0 0 1 0 1 1 3 0 0 0/0 19:23 3:26 0:00
John Ramage 0 0 0 -1 0 0 0 0 0 1 0/0 10:02 0:00 0:00
Jonathan Marchessault 1 0 1 0 0 4 1 0 1 0 7/19 17:22 3:39 0:00
Joseph Blandisi 0 0 0 0 0 1 1 1 0 0 0/0 7:29 0:00 0:00
Mark Mancari 0 3 3 0 0 6 7 1 1 1 0/2 24:00 4:11 0:00
Martin Frk 0 1 1 1 0 1 1 0 0 0 1/1 11:09 0:06 0:00
Nick Cousins 1 0 1 1 0 5 1 0 0 0 2/2 11:09 0:06 0:00
Ryan Murphy 0 0 0 -1 0 2 0 1 0 0 0/0 11:41 0:46 0:00
Stefan Elliott 0 1 1 1 0 2 0 2 0 1 0/0 17:18 2:40 0:00
Steven Kampfer 0 3 3 2 0 1 2 0 0 3 0/0 26:13 4:30 0:00
Tomas Tatar 2 0 2 0 0 2 1 1 0 1 4/7 24:00 4:11 0:00
Vincent Trocheck 0 2 2 0 0 4 2 0 1 0 15/33 24:00 4:11 0:00
Xavier Ouellet 0 0 0 -1 0 0 0 0 0 0 0/0 4:35 0:00 0:00
3 Stars
1 - Mark Mancari (Tol)
2 - Steven Kampfer (Tol)
3 - Tomas Tatar (Tol)
Power Play
Harfangs - 0 on 0 Attempt(s) - 0.00%
Sewer Rats - 0 on 4 Attempt(s) - 0.00%
Penalty Kill
Harfangs - 4 on 4 Attempt(s) - 100.00%
- Score 0 goal in Penalty Kill
Sewer Rats - 0 on 0 Attempt(s) - 0.00%
- Score 0 goal in Penalty Kill
Team Stat
Harfangs - Hits : 24 - Faceoff Wins : 37 - Blocked Shots : 12 - Penalty Minutes : 8
Sewer Rats - Hits : 22 - Faceoff Wins : 32 - Blocked Shots : 9 - Penalty Minutes : 0
Official
Referees : Unknown
Linesman : Unknown
Game Notes
Stefan Elliott is injured at 12:51 of 3rd period (Right Foot)
Finance
Level 1 -- Attendance: 1367 (68.35%) -- Ticket Income $47,845
Level 2 -- Attendance: 766 (76.60%) -- Ticket Income $13,022
Total Attendance: 2133 (71.10%)
Total Ticket Income: $60,867
Other Income: $3,043
Total Income: $63,910
Harfangs
5 vs 5 Forward
Center Left Wing Right Wing Time % Phy DF OF
1 Calle Jarnkrok Andreas Martinsen Tyler Randell 40 1 2 2
2 Tyler Brenner Michael Bournival Ryan Hartman 30 1 2 2
3 Oscar Sundqvist Morgan Klimchuk Sven Andrighetto 20 1 2 2
4 Chase De Leo Brendan Leipsic Nick Sorensen 10 1 2 2
5 vs 5 Defense
Defense Defense Time % Phy DF OF
1 Dylan Olsen Reid McNeill 40 1 2 2
2 Jake Dotchin Blake Heinrich 30 1 2 2
3 Rinat Valiev Devon Teows 20 1 2 2
4 Dylan Olsen Reid McNeill 10 1 2 2
PowerPlay Forward
Center Left Wing Right Wing Time % Phy DF OF
1 Calle Jarnkrok Andreas Martinsen Tyler Randell 60 1 2 2
2 Tyler Brenner Michael Bournival Ryan Hartman 40 1 2 2
PowerPlay Defense
Defense Defense Time % Phy DF OF
1 Dylan Olsen Reid McNeill 60 1 2 2
2 Jake Dotchin Blake Heinrich 40 1 2 2
Penalty Kill 4 Players Forward
Center Wing Time % Phy DF OF
1 Tyler Randell Andreas Martinsen 60 1 2 2
2 Michael Bournival Calle Jarnkrok 40 1 2 2
Penalty Kill 4 Players Defense
Defense Defense Time % Phy DF OF
1 Dylan Olsen Reid McNeill 60 1 2 2
2 Jake Dotchin Blake Heinrich 40 1 2 2
Penalty Kill - 3 Players Forward
Forward Time % Phy DF OF
1 Tyler Randell 60 1 2 2
2 Andreas Martinsen 40 1 2 2
Penalty Kill - 3 Players Defense
Defense Defense Time % Phy DF OF
1 Dylan Olsen Reid McNeill 60 1 2 2
2 Jake Dotchin Blake Heinrich 40 1 2 2
4 vs 4 Forward
Center Wing Time % Phy DF OF
1 Tyler Randell Andreas Martinsen 60 1 2 2
2 Michael Bournival Calle Jarnkrok 40 1 2 2
4 vs 4 Defense
Defense Defense Time % Phy DF OF
1 Dylan Olsen Reid McNeill 60 1 2 2
2 Jake Dotchin Blake Heinrich 40 1 2 2
Last Minutes Offensive
Center Left Wing Right Wing Defense Defense
Calle Jarnkrok Andreas Martinsen Tyler Randell Dylan Olsen Reid McNeill
Last Minutes Defensive
Center Left Wing Right Wing Defense Defense
Calle Jarnkrok Andreas Martinsen Tyler Randell Dylan Olsen Reid McNeill
Goaltenders
Starting : Ilya Sorokin
Backup : Anton Forsberg
Extra Forwards
Normal : Oscar Sundqvist, Sven Andrighetto, Morgan Klimchuk - PP : Oscar Sundqvist, Sven Andrighetto - PK : Morgan Klimchuk
Extra Defensemen
Normal : Rinat Valiev, Devon Teows, Jake Dotchin - PP : Rinat Valiev - PK : Devon Teows, Jake Dotchin
Penalty Shots
Tyler Randell, Andreas Martinsen, Michael Bournival, Calle Jarnkrok, Tyler Brenner
Scratches
Cristoval Nieves (Healthy), JC Lipon (Healthy), Brenden Kichton (Healthy), Laurent Dauphin (Healthy), Mark Alt (Healthy)
Erik Nystrom (Healthy), Lucas Wallmarkk (Healthy), Justin Kirkland (Healthy), Victor Bartley (Right Leg Injury), Anthony Angello (Healthy)
Jason Kasdorf (Healthy), Mark Visentin (Healthy), Scott Wedgewood (Healthy), Zachary Fucale (Healthy)
Sewer Rats
5 vs 5 Forward
Center Left Wing Right Wing Time % Phy DF OF
1 Vincent Trocheck Tomas Tatar Mark Mancari 40 1 2 2
2 Jonathan Marchessault Daniel Carr Erik Condra 30 1 2 2
3 Nick Cousins Anthony Duclair Martin Frk 20 1 2 2
4 Jared McCann Joseph Blandisi Dmitrij Jaskin 10 1 2 2
5 vs 5 Defense
Defense Defense Time % Phy DF OF
1 Jarred Tinordi Steven Kampfer 40 1 2 2
2 Stefan Elliott Joel Edmundson 30 1 2 2
3 Ryan Murphy John Ramage 20 1 2 2
4 Connor Carrick Xavier Ouellet 10 1 2 2
PowerPlay Forward
Center Left Wing Right Wing Time % Phy DF OF
1 Vincent Trocheck Tomas Tatar Mark Mancari 60 1 2 2
2 Jonathan Marchessault Daniel Carr Erik Condra 40 1 2 2
PowerPlay Defense
Defense Defense Time % Phy DF OF
1 Jarred Tinordi Steven Kampfer 60 1 2 2
2 Stefan Elliott Joel Edmundson 40 1 2 2
Penalty Kill 4 Players Forward
Center Wing Time % Phy DF OF
1 Mark Mancari Tomas Tatar 60 1 2 2
2 Vincent Trocheck Erik Condra 40 1 2 2
Penalty Kill 4 Players Defense
Defense Defense Time % Phy DF OF
1 Jarred Tinordi Steven Kampfer 60 1 2 2
2 Stefan Elliott Joel Edmundson 40 1 2 2
Penalty Kill - 3 Players Forward
Forward Time % Phy DF OF
1 Mark Mancari 60 1 2 2
2 Tomas Tatar 40 1 2 2
Penalty Kill - 3 Players Defense
Defense Defense Time % Phy DF OF
1 Jarred Tinordi Steven Kampfer 60 1 2 2
2 Stefan Elliott Joel Edmundson 40 1 2 2
4 vs 4 Forward
Center Wing Time % Phy DF OF
1 Mark Mancari Tomas Tatar 60 1 2 2
2 Vincent Trocheck Erik Condra 40 1 2 2
4 vs 4 Defense
Defense Defense Time % Phy DF OF
1 Jarred Tinordi Steven Kampfer 60 1 2 2
2 Stefan Elliott Joel Edmundson 40 1 2 2
Last Minutes Offensive
Center Left Wing Right Wing Defense Defense
Vincent Trocheck Tomas Tatar Mark Mancari Jarred Tinordi Steven Kampfer
Last Minutes Defensive
Center Left Wing Right Wing Defense Defense
Vincent Trocheck Tomas Tatar Mark Mancari Jarred Tinordi Steven Kampfer
Goaltenders
Starting : Darcy Kuemper
Backup : Marek Mazanek
Extra Forwards
Normal : Martin Frk, Dmitrij Jaskin, Nick Cousins - PP : Martin Frk, Dmitrij Jaskin - PK : Nick Cousins
Extra Defensemen
Normal : Ryan Murphy, John Ramage, Connor Carrick - PP : Ryan Murphy - PK : John Ramage, Connor Carrick
Penalty Shots
Mark Mancari, Tomas Tatar, Vincent Trocheck, Erik Condra, Jonathan Marchessault
Scratches
Dominik Kubalik (Healthy), Josh Archibald (Healthy), Jonathan Racine (Healthy), Tyler Motte (Healthy), Chris Calhan (Healthy)
Mark Friedman (Healthy), Michael Dal Colle (Healthy), Matteson Iacopelli (Healthy), Sergei Kostenko (Healthy), Antoine Bibeau (Healthy)
% Time on Ice - Harfangs
Lines # - Real PCT - Wanted PCT - Time Play
Normal Forward
1 - 37% - 40% - 19:01
2 - 26% - 30% - 13:16
3 - 22% - 20% - 11:07
4 - 16% - 10% - 7:59
Normal Defense
1 - 40% - 40% - 20:20
2 - 33% - 30% - 16:50
3 - 22% - 20% - 11:26
4 - 5% - 10% - 2:47
PP Forward
1 - 0% - 60%
2 - 0% - 40%
PP Defense
1 - 0% - 60%
2 - 0% - 40%
PK Forward
1 - 71% - 60% - 5:40
2 - 29% - 40% - 2:16
PK Defense
1 - 54% - 60% - 4:15
2 - 46% - 40% - 3:41
PK3 Forward
1 - 0% - 60%
2 - 0% - 40%
PK3 Defense
1 - 0% - 60%
2 - 0% - 40%
44 Forward
1 - 0% - 60%
2 - 0% - 40%
44 Defense
1 - 0% - 60%
2 - 0% - 40%
Last Minute Offensive - 0:41
Last Minute Defensive - 0:00
Total
Forward - 60:00
Defense - 60:00
|
% Time on Ice - Sewer Rats
Lines # - Real PCT - Wanted PCT - Time Play
Normal Forward
1 - 37% - 40% - 19:07
2 - 27% - 30% - 13:43
3 - 22% - 20% - 11:03
4 - 15% - 10% - 7:29
Normal Defense
1 - 41% - 40% - 21:01
2 - 31% - 30% - 15:57
3 - 19% - 20% - 9:49
4 - 9% - 10% - 4:35
PP Forward
1 - 54% - 60% - 4:17
2 - 46% - 40% - 3:39
PP Defense
1 - 57% - 60% - 4:30
2 - 43% - 40% - 3:26
PK Forward
1 - 0% - 60%
2 - 0% - 40%
PK Defense
1 - 0% - 60%
2 - 0% - 40%
PK3 Forward
1 - 0% - 60%
2 - 0% - 40%
PK3 Defense
1 - 0% - 60%
2 - 0% - 40%
44 Forward
1 - 0% - 60%
2 - 0% - 40%
44 Defense
1 - 0% - 60%
2 - 0% - 40%
Last Minute Offensive - 0:00
Last Minute Defensive - 0:42
Total
Forward - 60:00
Defense - 60:00
|
Play-by-Play
1st period
0:01 of 1st period - Calle Jarnkrok wins face-off versus Mark Mancari in neutral zone.
0:26 of 1st period - Dylan Olsen is hit by Erik Condra and loses puck.
1:17 of 1st period - Wrist shot by Joseph Blandisi.
1:17 of 1st period - Shot Misses the Net.
1:25 of 1st period - Jarred Tinordi is hit by Oscar Sundqvist and loses puck.
1:48 of 1st period - Reid McNeill is hit by Mark Mancari and loses puck.
2:03 of 1st period - Snap shot by Erik Condra.
2:03 of 1st period - Stopped by Ilya Sorokin with a rebound.
2:05 of 1st period - Snap shot by Joel Edmundson.
2:05 of 1st period - Shot Blocked by Ryan Hartman.
2:40 of 1st period - Slapshot by Dmitrij Jaskin.
2:40 of 1st period - Stopped by Ilya Sorokin with a rebound.
3:42 of 1st period - Connor Carrick is hit by Jake Dotchin and loses puck.
3:52 of 1st period - Icing by Morgan Klimchuk.
3:53 of 1st period - Oscar Sundqvist wins face-off versus Vincent Trocheck in Harfangs zone.
3:58 of 1st period - Snap shot by Tomas Tatar.
3:58 of 1st period - Deflect By Mark Mancari.
3:58 of 1st period - Shot Misses the Net.
3:58 of 1st period - Puck is out of play.
3:59 of 1st period - Calle Jarnkrok wins face-off versus Vincent Trocheck in Harfangs zone.
4:06 of 1st period - Slapshot by Tyler Randell.
4:06 of 1st period - Stopped by Darcy Kuemper with a rebound.
4:34 of 1st period - Wrist shot by Daniel Carr.
4:34 of 1st period - Shot Blocked by Ryan Hartman.
5:11 of 1st period - Dmitrij Jaskin is hit by Calle Jarnkrok and loses puck.
5:20 of 1st period - Slapshot by Steven Kampfer.
5:20 of 1st period - Shot Blocked by Blake Heinrich.
5:38 of 1st period - Slapshot by Vincent Trocheck.
5:38 of 1st period - Stopped by Ilya Sorokin with a rebound.
6:00 of 1st period - Wrist shot by Martin Frk.
6:00 of 1st period - Shot Misses the Net.
6:12 of 1st period - Erik Condra is hit by Dylan Olsen and loses puck.
6:21 of 1st period - Slapshot by Daniel Carr.
6:21 of 1st period - Shot Hit the Post.
6:23 of 1st period - Backhand shot by Steven Kampfer.
6:23 of 1st period - Stopped by Ilya Sorokin with a rebound.
7:02 of 1st period - Snap shot by Mark Mancari.
7:02 of 1st period - Stopped by Ilya Sorokin without a rebound.
7:03 of 1st period - Calle Jarnkrok wins face-off versus Vincent Trocheck in Harfangs zone.
7:10 of 1st period - Wrist shot by Andreas Martinsen.
7:10 of 1st period - Shot Misses the Net.
7:12 of 1st period - Slapshot by Andreas Martinsen.
7:12 of 1st period - Shot Misses the Net.
7:14 of 1st period - Snap shot by Calle Jarnkrok.
7:14 of 1st period - Deflect By Andreas Martinsen.
7:14 of 1st period - Shot Misses the Net.
7:14 of 1st period - Puck is out of play.
7:15 of 1st period - Tomas Tatar wins face-off versus Calle Jarnkrok in Sewer Rats zone.
7:15 of 1st period - Tomas Tatar is hit by Tyler Randell.
7:31 of 1st period - Snap shot by Mark Mancari.
7:31 of 1st period - Deflect By Vincent Trocheck.
7:31 of 1st period - Shot Blocked by Blake Heinrich.
7:31 of 1st period - Puck is out of play.
7:32 of 1st period - Jonathan Marchessault wins face-off versus Tyler Brenner in Harfangs zone.
7:53 of 1st period - Minor Penalty to Michael Bournival for Interference.
7:54 of 1st period - Tyler Randell wins face-off versus Vincent Trocheck in Harfangs zone.
7:54 of 1st period - Tyler Randell is hit by Vincent Trocheck.
8:14 of 1st period - Reid McNeill is hit by Tomas Tatar and loses puck.
9:53 of 1st period - Penalty to Michael Bournival is over, Michael Bournival is back on ice.
10:21 of 1st period - Stefan Elliott is hit by Rinat Valiev and loses puck.
10:26 of 1st period - Slapshot by Dylan Olsen.
10:26 of 1st period - Stopped by Darcy Kuemper with a rebound.
10:30 of 1st period - Snap shot by Chase De Leo.
10:30 of 1st period - Shot Misses the Net.
10:32 of 1st period - Wrist shot by Nick Sorensen.
10:32 of 1st period - Shot Misses the Net.
10:42 of 1st period - Stefan Elliott is hit by Sven Andrighetto and loses puck.
11:12 of 1st period - Rinat Valiev is hit by Mark Mancari and loses puck.
12:15 of 1st period - John Ramage is hit by Ryan Hartman and loses puck.
12:44 of 1st period - Wrist shot by Mark Mancari.
12:44 of 1st period - Shot Misses the Net.
12:47 of 1st period - Icing by Blake Heinrich.
12:48 of 1st period - Jonathan Marchessault wins face-off versus Calle Jarnkrok in Harfangs zone.
13:17 of 1st period - Vincent Trocheck is hit by Andreas Martinsen and loses puck.
13:28 of 1st period - Andreas Martinsen is hit by Mark Mancari and loses puck.
13:39 of 1st period - Wrist shot by Nick Cousins.
13:39 of 1st period - Shot Misses the Net.
13:53 of 1st period - Slapshot by Tyler Randell.
13:53 of 1st period - Stopped by Darcy Kuemper without a rebound.
13:54 of 1st period - Tyler Brenner wins face-off versus Jared McCann in Sewer Rats zone.
13:59 of 1st period - Snap shot by Tyler Brenner.
13:59 of 1st period - Deflect By Stefan Elliott.
13:59 of 1st period - Shot Blocked by Joel Edmundson.
13:59 of 1st period - Puck is out of play.
14:00 of 1st period - Jared McCann wins face-off versus Tyler Brenner in Sewer Rats zone.
14:15 of 1st period - Wrist shot by Dmitrij Jaskin.
14:15 of 1st period - Stopped by Ilya Sorokin without a rebound.
14:16 of 1st period - Vincent Trocheck wins face-off versus Oscar Sundqvist in Harfangs zone.
14:29 of 1st period - Slapshot by Dylan Olsen.
14:29 of 1st period - Shot Misses the Net.
14:45 of 1st period - Snap shot by Tyler Brenner.
14:45 of 1st period - Goal by Tyler Brenner - Harfangs : 1 - Sewer Rats : 0.
14:46 of 1st period - Calle Jarnkrok wins face-off versus Tomas Tatar in neutral zone.
14:57 of 1st period - Snap shot by Mark Mancari.
14:57 of 1st period - Stopped by Ilya Sorokin without a rebound.
14:58 of 1st period - Andreas Martinsen wins face-off versus Vincent Trocheck in Harfangs zone.
15:13 of 1st period - Snap shot by Andreas Martinsen.
15:13 of 1st period - Deflect By Stefan Elliott.
15:13 of 1st period - Shot Blocked by Mark Mancari.
15:13 of 1st period - Puck is out of play.
15:14 of 1st period - Jonathan Marchessault wins face-off versus Tyler Brenner in Sewer Rats zone.
15:27 of 1st period - Wrist shot by Erik Condra.
15:27 of 1st period - Shot Blocked by Reid McNeill.
16:26 of 1st period - Slapshot by Dylan Olsen.
16:26 of 1st period - Shot Misses the Net.
16:28 of 1st period - Slapshot by Reid McNeill.
16:28 of 1st period - Stopped by Darcy Kuemper with a rebound.
16:30 of 1st period - Snap shot by Nick Sorensen.
16:30 of 1st period - Deflect By Chase De Leo.
16:30 of 1st period - Shot Blocked by Joel Edmundson.
16:30 of 1st period - Puck is out of play.
16:31 of 1st period - Vincent Trocheck wins face-off versus Calle Jarnkrok in Sewer Rats zone.
16:31 of 1st period - Vincent Trocheck is hit by Tyler Randell.
16:39 of 1st period - Slapshot by Vincent Trocheck.
16:39 of 1st period - Stopped by Ilya Sorokin with a rebound.
16:53 of 1st period - Minor Penalty to Blake Heinrich for Hooking.
16:54 of 1st period - Tyler Randell wins face-off versus Vincent Trocheck in Harfangs zone.
17:09 of 1st period - Snap shot by Tomas Tatar.
17:09 of 1st period - Shot Misses the Net.
17:21 of 1st period - Snap shot by Erik Condra.
17:21 of 1st period - Shot Misses the Net.
17:23 of 1st period - Snap shot by Stefan Elliott.
17:23 of 1st period - Stopped by Ilya Sorokin with a rebound.
17:25 of 1st period - Slapshot by Daniel Carr.
17:25 of 1st period - Stopped by Ilya Sorokin with a rebound.
17:27 of 1st period - Slapshot by Jonathan Marchessault.
17:27 of 1st period - Shot Blocked by Tyler Randell.
17:29 of 1st period - Slapshot by Stefan Elliott.
17:29 of 1st period - Stopped by Ilya Sorokin with a rebound.
17:39 of 1st period - Andreas Martinsen is hit by Mark Mancari and loses puck.
18:53 of 1st period - Penalty to Blake Heinrich is over, Blake Heinrich is back on ice.
19:02 of 1st period - Slapshot by Nick Cousins.
19:02 of 1st period - Stopped by Ilya Sorokin with a rebound.
19:30 of 1st period - Ryan Murphy is hit by Ryan Hartman and loses puck.
19:54 of 1st period - Tomas Tatar is hit by Oscar Sundqvist and loses puck.
Goals for this period are 1 for Harfangs vs 0 for Sewer Rats.
Shots for this period are 5 for Harfangs vs 12 for Sewer Rats.
2nd period
0:01 of 2nd period - Calle Jarnkrok wins face-off versus Vincent Trocheck in neutral zone.
0:01 of 2nd period - Calle Jarnkrok is hit by Steven Kampfer.
0:06 of 2nd period - Off-side.
0:07 of 2nd period - Calle Jarnkrok wins face-off versus Vincent Trocheck in neutral zone.
0:41 of 2nd period - Backhand shot by Tyler Brenner.
0:41 of 2nd period - Stopped by Darcy Kuemper without a rebound.
0:42 of 2nd period - Calle Jarnkrok wins face-off versus Jonathan Marchessault in Sewer Rats zone.
0:51 of 2nd period - Wrist shot by Jonathan Marchessault.
0:51 of 2nd period - Stopped by Ilya Sorokin without a rebound.
0:52 of 2nd period - Calle Jarnkrok wins face-off versus Jonathan Marchessault in Harfangs zone.
1:08 of 2nd period - Wrist shot by Erik Condra.
1:08 of 2nd period - Shot Blocked by Andreas Martinsen.
1:10 of 2nd period - Snap shot by Jonathan Marchessault.
1:10 of 2nd period - Shot Misses the Net.
1:12 of 2nd period - Snap shot by Erik Condra.
1:12 of 2nd period - Stopped by Ilya Sorokin with a rebound.
1:20 of 2nd period - Snap shot by Erik Condra.
1:20 of 2nd period - Shot Misses the Net.
1:22 of 2nd period - Snap shot by Joel Edmundson.
1:22 of 2nd period - Stopped by Ilya Sorokin without a rebound.
1:23 of 2nd period - Tyler Brenner wins face-off versus Vincent Trocheck in Harfangs zone.
1:25 of 2nd period - Minor Penalty to Dylan Olsen for Hooking.
1:26 of 2nd period - Tyler Randell wins face-off versus Mark Mancari in Harfangs zone.
1:52 of 2nd period - Tyler Randell is hit by Steven Kampfer and loses puck.
3:25 of 2nd period - Penalty to Dylan Olsen is over, Dylan Olsen is back on ice.
3:34 of 2nd period - Icing by Joel Edmundson.
3:35 of 2nd period - Anthony Duclair wins face-off versus Oscar Sundqvist in Sewer Rats zone.
3:35 of 2nd period - Anthony Duclair is hit by Devon Teows.
3:51 of 2nd period - Wrist shot by Nick Cousins.
3:51 of 2nd period - Goal by Nick Cousins - Harfangs : 1 - Sewer Rats : 1.
3:52 of 2nd period - Andreas Martinsen wins face-off versus Tomas Tatar in neutral zone.
3:55 of 2nd period - Slapshot by Andreas Martinsen.
3:55 of 2nd period - Shot Misses the Net.
4:18 of 2nd period - Jarred Tinordi is hit by Oscar Sundqvist and loses puck.
4:31 of 2nd period - Slapshot by Oscar Sundqvist.
4:31 of 2nd period - Shot Misses the Net.
5:05 of 2nd period - Jake Dotchin is hit by Vincent Trocheck and loses puck.
5:53 of 2nd period - Wrist shot by Morgan Klimchuk.
5:53 of 2nd period - Goal by Morgan Klimchuk - Harfangs : 2 - Sewer Rats : 1.
5:54 of 2nd period - Vincent Trocheck wins face-off versus Calle Jarnkrok in neutral zone.
5:59 of 2nd period - Snap shot by Andreas Martinsen.
5:59 of 2nd period - Stopped by Darcy Kuemper with a rebound.
6:53 of 2nd period - Slapshot by Nick Cousins.
6:53 of 2nd period - Shot Blocked by Blake Heinrich.
7:05 of 2nd period - Wrist shot by Vincent Trocheck.
7:05 of 2nd period - Shot Misses the Net.
7:09 of 2nd period - Wrist shot by Mark Mancari.
7:09 of 2nd period - Stopped by Ilya Sorokin without a rebound.
7:10 of 2nd period - Oscar Sundqvist wins face-off versus Vincent Trocheck in Harfangs zone.
7:10 of 2nd period - Oscar Sundqvist is hit by Mark Mancari.
7:20 of 2nd period - Snap shot by Mark Mancari.
7:20 of 2nd period - Shot Misses the Net.
7:22 of 2nd period - Slapshot by Mark Mancari.
7:22 of 2nd period - Shot Misses the Net.
7:24 of 2nd period - Slapshot by Vincent Trocheck.
7:24 of 2nd period - Shot Misses the Net.
7:26 of 2nd period - Slapshot by Vincent Trocheck.
7:26 of 2nd period - Stopped by Ilya Sorokin with a rebound.
7:28 of 2nd period - Snap shot by Vincent Trocheck.
7:28 of 2nd period - Shot Misses the Net.
7:30 of 2nd period - Slapshot by Vincent Trocheck.
7:30 of 2nd period - Shot Blocked by Reid McNeill.
7:32 of 2nd period - Snap shot by Tomas Tatar.
7:32 of 2nd period - Shot Misses the Net.
7:46 of 2nd period - Off-side.
7:47 of 2nd period - Jonathan Marchessault wins face-off versus Calle Jarnkrok in neutral zone.
8:12 of 2nd period - Anthony Duclair is hit by Michael Bournival and loses puck.
8:19 of 2nd period - Snap shot by Michael Bournival.
8:19 of 2nd period - Stopped by Darcy Kuemper with a rebound.
8:21 of 2nd period - Snap shot by Tyler Brenner.
8:21 of 2nd period - Shot Misses the Net.
8:23 of 2nd period - Wrist shot by Michael Bournival.
8:23 of 2nd period - Stopped by Darcy Kuemper without a rebound.
8:24 of 2nd period - Vincent Trocheck wins face-off versus Calle Jarnkrok in Sewer Rats zone.
8:59 of 2nd period - Snap shot by Jonathan Marchessault.
8:59 of 2nd period - Goal by Jonathan Marchessault - Harfangs : 2 - Sewer Rats : 2.
9:00 of 2nd period - Calle Jarnkrok wins face-off versus Vincent Trocheck in neutral zone.
9:15 of 2nd period - Snap shot by Tomas Tatar.
9:15 of 2nd period - Goal by Tomas Tatar - Harfangs : 2 - Sewer Rats : 3.
9:16 of 2nd period - Tyler Randell wins face-off versus Vincent Trocheck in neutral zone.
9:31 of 2nd period - Snap shot by Mark Mancari.
9:31 of 2nd period - Shot Misses the Net.
10:08 of 2nd period - Reid McNeill is hit by Martin Frk and loses puck.
10:20 of 2nd period - Dylan Olsen is hit by Joseph Blandisi and loses puck.
10:27 of 2nd period - Wrist shot by Brendan Leipsic.
10:27 of 2nd period - Shot Blocked by Stefan Elliott.
10:29 of 2nd period - Snap shot by Reid McNeill.
10:29 of 2nd period - Shot Misses the Net.
10:31 of 2nd period - Snap shot by Nick Sorensen.
10:31 of 2nd period - Shot Blocked by Joseph Blandisi.
10:41 of 2nd period - Stefan Elliott is hit by Tyler Randell.
11:15 of 2nd period - Snap shot by Tomas Tatar.
11:15 of 2nd period - Shot Misses the Net.
11:21 of 2nd period - Joel Edmundson is hit by Devon Teows and loses puck.
11:43 of 2nd period - Steven Kampfer is hit by Andreas Martinsen and loses puck.
11:53 of 2nd period - Off-side.
11:54 of 2nd period - Chase De Leo wins face-off versus Jonathan Marchessault in neutral zone.
12:09 of 2nd period - Slapshot by Erik Condra.
12:09 of 2nd period - Stopped by Ilya Sorokin with a rebound.
12:51 of 2nd period - Wrist shot by Dmitrij Jaskin.
12:51 of 2nd period - Stopped by Ilya Sorokin without a rebound.
12:52 of 2nd period - Calle Jarnkrok wins face-off versus Jonathan Marchessault in Harfangs zone.
13:22 of 2nd period - Martin Frk is hit by Tyler Brenner and loses puck.
13:44 of 2nd period - Off-side.
13:45 of 2nd period - Jared McCann wins face-off versus Chase De Leo in neutral zone.
13:48 of 2nd period - Wrist shot by Joseph Blandisi.
13:48 of 2nd period - Stopped by Ilya Sorokin without a rebound.
13:49 of 2nd period - Vincent Trocheck wins face-off versus Calle Jarnkrok in Harfangs zone.
13:58 of 2nd period - Wrist shot by Mark Mancari.
13:58 of 2nd period - Stopped by Ilya Sorokin without a rebound.
13:59 of 2nd period - Vincent Trocheck wins face-off versus Tyler Randell in Harfangs zone.
14:00 of 2nd period - Slapshot by Mark Mancari.
14:00 of 2nd period - Stopped by Ilya Sorokin with a rebound.
14:05 of 2nd period - Tyler Randell is hit by Mark Mancari and loses puck.
14:20 of 2nd period - Snap shot by Andreas Martinsen.
14:20 of 2nd period - Stopped by Darcy Kuemper with a rebound.
15:00 of 2nd period - Slapshot by Andreas Martinsen.
15:00 of 2nd period - Stopped by Darcy Kuemper without a rebound.
15:01 of 2nd period - Jonathan Marchessault wins face-off versus Tyler Brenner in Sewer Rats zone.
15:14 of 2nd period - Snap shot by Jonathan Marchessault.
15:14 of 2nd period - Stopped by Ilya Sorokin without a rebound.
15:15 of 2nd period - Tyler Brenner wins face-off versus Jonathan Marchessault in Harfangs zone.
15:22 of 2nd period - Slapshot by Dylan Olsen.
15:22 of 2nd period - Shot Misses the Net.
16:05 of 2nd period - Wrist shot by Brendan Leipsic.
16:05 of 2nd period - Deflect By Chase De Leo.
16:05 of 2nd period - Stopped by Darcy Kuemper with a rebound.
16:15 of 2nd period - Dylan Olsen is hit by Jarred Tinordi and loses puck.
16:36 of 2nd period - Slapshot by Dylan Olsen.
16:36 of 2nd period - Deflect By Chase De Leo.
16:36 of 2nd period - Shot Misses the Net.
16:36 of 2nd period - Puck is out of play.
16:37 of 2nd period - Vincent Trocheck wins face-off versus Calle Jarnkrok in Sewer Rats zone.
17:29 of 2nd period - Off-side.
17:30 of 2nd period - Nick Cousins wins face-off versus Tyler Randell in neutral zone.
17:35 of 2nd period - Slapshot by Nick Cousins.
17:35 of 2nd period - Stopped by Ilya Sorokin with a rebound.
17:41 of 2nd period - Snap shot by Martin Frk.
17:41 of 2nd period - Stopped by Ilya Sorokin without a rebound.
17:42 of 2nd period - Calle Jarnkrok wins face-off versus Vincent Trocheck in Harfangs zone.
17:42 of 2nd period - Calle Jarnkrok is hit by Jarred Tinordi.
17:48 of 2nd period - Snap shot by Calle Jarnkrok.
17:48 of 2nd period - Stopped by Darcy Kuemper with a rebound.
17:50 of 2nd period - Slapshot by Reid McNeill.
17:50 of 2nd period - Goal by Reid McNeill - Harfangs : 3 - Sewer Rats : 3.
17:51 of 2nd period - Vincent Trocheck wins face-off versus Tyler Brenner in neutral zone.
18:00 of 2nd period - Snap shot by Mark Mancari.
18:00 of 2nd period - Stopped by Ilya Sorokin without a rebound.
18:01 of 2nd period - Tomas Tatar wins face-off versus Tyler Brenner in Harfangs zone.
18:18 of 2nd period - Wrist shot by Tyler Brenner.
18:18 of 2nd period - Goal by Tyler Brenner - Harfangs : 4 - Sewer Rats : 3.
18:19 of 2nd period - Calle Jarnkrok wins face-off versus Jonathan Marchessault in neutral zone.
18:22 of 2nd period - Wrist shot by Tyler Randell.
18:22 of 2nd period - Stopped by Darcy Kuemper without a rebound.
18:23 of 2nd period - Jonathan Marchessault wins face-off versus Calle Jarnkrok in Sewer Rats zone.
18:34 of 2nd period - Slapshot by Jonathan Marchessault.
18:34 of 2nd period - Stopped by Ilya Sorokin without a rebound.
18:35 of 2nd period - Vincent Trocheck wins face-off versus Calle Jarnkrok in Harfangs zone.
18:40 of 2nd period - Slapshot by Tomas Tatar.
18:40 of 2nd period - Goal by Tomas Tatar - Harfangs : 4 - Sewer Rats : 4.
18:41 of 2nd period - Calle Jarnkrok wins face-off versus Vincent Trocheck in neutral zone.
18:46 of 2nd period - Jarred Tinordi is hit by Andreas Martinsen and loses puck.
Goals for this period are 3 for Harfangs vs 4 for Sewer Rats.
Shots for this period are 12 for Harfangs vs 19 for Sewer Rats.
3rd period
0:01 of 3rd period - Calle Jarnkrok wins face-off versus Vincent Trocheck in neutral zone.
0:10 of 3rd period - Snap shot by Tyler Randell.
0:10 of 3rd period - Stopped by Darcy Kuemper with a rebound.
0:12 of 3rd period - Slapshot by Reid McNeill.
0:12 of 3rd period - Shot Blocked by Joel Edmundson.
0:47 of 3rd period - Snap shot by Nick Cousins.
0:47 of 3rd period - Stopped by Ilya Sorokin with a rebound.
0:49 of 3rd period - Slapshot by Jarred Tinordi.
0:49 of 3rd period - Shot Misses the Net.
1:19 of 3rd period - Wrist shot by Brendan Leipsic.
1:19 of 3rd period - Stopped by Darcy Kuemper without a rebound.
1:20 of 3rd period - Vincent Trocheck wins face-off versus Calle Jarnkrok in Sewer Rats zone.
1:22 of 3rd period - Icing by Tomas Tatar.
1:23 of 3rd period - Tomas Tatar wins face-off versus Andreas Martinsen in Sewer Rats zone.
1:30 of 3rd period - Andreas Martinsen is hit by Joel Edmundson and loses puck.
2:22 of 3rd period - Snap shot by Tyler Randell.
2:22 of 3rd period - Shot Misses the Net.
2:59 of 3rd period - Icing by Jake Dotchin.
3:00 of 3rd period - Calle Jarnkrok wins face-off versus Jonathan Marchessault in Harfangs zone.
3:00 of 3rd period - Calle Jarnkrok is hit by Erik Condra.
3:53 of 3rd period - Slapshot by Jake Dotchin.
3:53 of 3rd period - Stopped by Darcy Kuemper with a rebound.
4:07 of 3rd period - Slapshot by Chase De Leo.
4:07 of 3rd period - Stopped by Darcy Kuemper without a rebound.
4:08 of 3rd period - Chase De Leo wins face-off versus Jonathan Marchessault in Sewer Rats zone.
4:11 of 3rd period - Wrist shot by Brendan Leipsic.
4:11 of 3rd period - Shot Misses the Net.
4:58 of 3rd period - Dmitrij Jaskin is hit by Sven Andrighetto and loses puck.
5:50 of 3rd period - Snap shot by Nick Cousins.
5:50 of 3rd period - Stopped by Ilya Sorokin without a rebound.
5:51 of 3rd period - Nick Cousins wins face-off versus Oscar Sundqvist in Harfangs zone.
5:52 of 3rd period - Wrist shot by Martin Frk.
5:52 of 3rd period - Shot Misses the Net.
5:54 of 3rd period - Backhand shot by Anthony Duclair.
5:54 of 3rd period - Shot Blocked by Reid McNeill.
5:56 of 3rd period - Wrist shot by Anthony Duclair.
5:56 of 3rd period - Stopped by Ilya Sorokin without a rebound.
5:57 of 3rd period - Tyler Brenner wins face-off versus Vincent Trocheck in Harfangs zone.
6:08 of 3rd period - Wrist shot by Tyler Brenner.
6:08 of 3rd period - Shot Blocked by Ryan Murphy.
7:58 of 3rd period - Wrist shot by Dmitrij Jaskin.
7:58 of 3rd period - Goal by Dmitrij Jaskin - Harfangs : 4 - Sewer Rats : 5.
7:59 of 3rd period - Jonathan Marchessault wins face-off versus Calle Jarnkrok in neutral zone.
8:01 of 3rd period - Off-side.
8:02 of 3rd period - Calle Jarnkrok wins face-off versus Jonathan Marchessault in neutral zone.
9:01 of 3rd period - Wrist shot by Oscar Sundqvist.
9:01 of 3rd period - Stopped by Darcy Kuemper with a rebound.
9:18 of 3rd period - Snap shot by Brendan Leipsic.
9:18 of 3rd period - Stopped by Darcy Kuemper without a rebound.
9:19 of 3rd period - Calle Jarnkrok wins face-off versus Jonathan Marchessault in Sewer Rats zone.
9:26 of 3rd period - Blake Heinrich is hit by Jonathan Marchessault.
9:54 of 3rd period - Snap shot by Tomas Tatar.
9:54 of 3rd period - Shot Blocked by Blake Heinrich.
10:33 of 3rd period - Snap shot by Joseph Blandisi.
10:33 of 3rd period - Shot Misses the Net.
10:47 of 3rd period - Wrist shot by Calle Jarnkrok.
10:47 of 3rd period - Deflect By Tyler Randell.
10:47 of 3rd period - Stopped by Darcy Kuemper with a rebound.
10:49 of 3rd period - Wrist shot by Calle Jarnkrok.
10:49 of 3rd period - Goal by Calle Jarnkrok - Harfangs : 5 - Sewer Rats : 5.
10:50 of 3rd period - Vincent Trocheck wins face-off versus Calle Jarnkrok in neutral zone.
11:33 of 3rd period - Snap shot by Andreas Martinsen.
11:33 of 3rd period - Stopped by Darcy Kuemper without a rebound.
11:34 of 3rd period - Tyler Brenner wins face-off versus Erik Condra in Sewer Rats zone.
12:01 of 3rd period - Tomas Tatar is hit by Oscar Sundqvist and loses puck.
12:10 of 3rd period - Snap shot by Oscar Sundqvist.
12:10 of 3rd period - Shot Blocked by Tomas Tatar.
12:22 of 3rd period - Wrist shot by Brendan Leipsic.
12:22 of 3rd period - Deflect By Nick Sorensen.
12:22 of 3rd period - Stopped by Darcy Kuemper without a rebound.
12:23 of 3rd period - Martin Frk wins face-off versus Chase De Leo in Sewer Rats zone.
12:49 of 3rd period - Snap shot by Brendan Leipsic.
12:49 of 3rd period - Stopped by Darcy Kuemper with a rebound.
12:51 of 3rd period - Snap shot by Chase De Leo.
12:51 of 3rd period - Shot Blocked by Stefan Elliott.
12:51 of 3rd period - Stefan Elliott from Sewer Rats is injured at 12:51 of 3rd period (Right Foot).
12:52 of 3rd period - Tyler Brenner wins face-off versus Jonathan Marchessault in Sewer Rats zone.
13:03 of 3rd period - Slapshot by Erik Condra.
13:03 of 3rd period - Goal by Erik Condra - Harfangs : 5 - Sewer Rats : 6.
13:04 of 3rd period - Tomas Tatar wins face-off versus Calle Jarnkrok in neutral zone.
13:20 of 3rd period - Reid McNeill is hit by Mark Mancari and loses puck.
13:41 of 3rd period - Snap shot by Jonathan Marchessault.
13:41 of 3rd period - Deflect By Erik Condra.
13:41 of 3rd period - Shot Blocked by Michael Bournival.
13:41 of 3rd period - Puck is out of play.
13:42 of 3rd period - Oscar Sundqvist wins face-off versus Jonathan Marchessault in Harfangs zone.
13:42 of 3rd period - Oscar Sundqvist is hit by Erik Condra.
14:05 of 3rd period - Icing by Erik Condra.
14:06 of 3rd period - Vincent Trocheck wins face-off versus Calle Jarnkrok in Sewer Rats zone.
14:06 of 3rd period - Vincent Trocheck is hit by Tyler Randell.
14:11 of 3rd period - Off-side.
14:12 of 3rd period - Vincent Trocheck wins face-off versus Calle Jarnkrok in neutral zone.
14:24 of 3rd period - Off-side.
14:25 of 3rd period - Vincent Trocheck wins face-off versus Tyler Brenner in neutral zone.
14:41 of 3rd period - Snap shot by Tyler Brenner.
14:41 of 3rd period - Stopped by Darcy Kuemper with a rebound.
16:06 of 3rd period - Connor Carrick is hit by Devon Teows.
16:33 of 3rd period - Dylan Olsen is hit by Nick Cousins and loses puck.
16:56 of 3rd period - Snap shot by Vincent Trocheck.
16:56 of 3rd period - Stopped by Ilya Sorokin with a rebound.
17:02 of 3rd period - Minor Penalty to Dylan Olsen for Slashing.
17:03 of 3rd period - Vincent Trocheck wins face-off versus Tyler Randell in Harfangs zone.
17:52 of 3rd period - Wrist shot by Calle Jarnkrok.
17:52 of 3rd period - Stopped by Darcy Kuemper without a rebound.
17:53 of 3rd period - Michael Bournival wins face-off versus Tomas Tatar in Sewer Rats zone.
17:54 of 3rd period - Slapshot by Calle Jarnkrok.
17:54 of 3rd period - Shot Misses the Net.
18:04 of 3rd period - Snap shot by Ryan Murphy.
18:04 of 3rd period - Stopped by Ilya Sorokin with a rebound.
18:06 of 3rd period - Snap shot by Ryan Murphy.
18:06 of 3rd period - Stopped by Ilya Sorokin without a rebound.
18:07 of 3rd period - Tyler Randell wins face-off versus Vincent Trocheck in Harfangs zone.
19:02 of 3rd period - Penalty to Dylan Olsen is over, Dylan Olsen is back on ice.
19:04 of 3rd period - Harfangs, Ilya Sorokin is pulled from the net.
19:42 of 3rd period - Snap shot by Mark Mancari.
19:42 of 3rd period - Shot Misses the Net.
19:52 of 3rd period - Slapshot by Calle Jarnkrok.
19:52 of 3rd period - Deflect By Vincent Trocheck.
19:52 of 3rd period - Shot Misses the Net.
19:52 of 3rd period - Puck is out of play.
19:53 of 3rd period - Mike Sullivan call a timeout for Harfangs.
19:53 of 3rd period - Calle Jarnkrok wins face-off versus Vincent Trocheck in Sewer Rats zone.
Goals for this period are 1 for Harfangs vs 2 for Sewer Rats.
Shots for this period are 13 for Harfangs vs 8 for Sewer Rats.
Back to the Top